 Dungeon Crawl Stone Soup version 0.22-b1-26-g9dbaab1112 (webtiles) character file.

942 Kirk the Conjurer (level 7, 0/46 HPs)
             Began as a Demonspawn Wizard on Aug 9, 2018.
             Was a Follower of Vehumet.
             Slain by a mummy (12 damage)
             ... in an ossuary.
             The game lasted 00:14:36 (6228 turns).

Kirk the Conjurer (Demonspawn Wizard)               Turns: 6228, Time: 00:14:36

Health: 0/46       AC:  2    Str:  7    XL:     7   Next: 88%
Magic:  7/15       EV: 12    Int: 27    God:    Vehumet [*.....]
Gold:   248        SH:  0    Dex: 11    Spells: 8/17 levels left

rFire    . . .     SeeInvis +   g - +3 short sword (protect)
rCold    . . .     Gourm    .   (no shield)
rNeg     . . .     Faith    .   a - +0 robe
rPois    .         Spirit   .   b - +0 hat
rElec    .         Reflect  .   (no cloak)
rCorr    .         Harm     .   (no gloves)
MR       .....                  (no boots)
Stlth    +.........             c - amulet of magic regeneration
HPRegen  0.15/turn              e - ring of wizardry
MPRegen  0.39/turn              r - ring of see invisible

@: brilliant
A: hooves 2, rot immunity
a: Renounce Religion


You were in an ossuary.
You worshipped Vehumet.
Vehumet was aware of your devotion.
You were very hungry.

You visited 2 branches of the dungeon, and saw 7 of its levels.
You also visited: Ossuary.

You collected 248 gold pieces.

Inventory:

Hand Weapons
 g - a +3 short sword of protection (weapon)
 u - a +1 dagger of venom
Missiles
 i - 14 poisoned needles
Armour
 a - a +0 robe (worn)
 b - a +0 hat (worn)
Magical Staves
 q - an uncursed staff of wizardry
Jewellery
 c - an amulet of magic regeneration (around neck)
 e - a ring of wizardry (left hand)
 n - a +2 ring of strength
 p - a +6 ring of strength
 r - a ring of see invisible (right hand)
Wands
 v - a wand of enslavement (14)
Scrolls
 f - a scroll of fear
 h - 5 scrolls of fog
 j - a scroll of teleportation
 o - a scroll of remove curse
Potions
 k - 3 potions of cancellation
 m - 2 potions of curing
 s - a potion of brilliance
 w - a potion of lignification
Comestibles
 d - 11 rations


   Skills:
 + Level 1.4 Short Blades
 - Level 1.7 Dodging
 - Level 1.7 Stealth
 + Level 5.8 Spellcasting
 * Level 6.9 Conjurations
   Level 1.0 Summonings
 - Level 0.8 Translocations


You had 8 spell levels left.
You knew the following spells:

 Your Spells              Type           Power        Failure   Level  Hunger
a - Magic Dart            Conj           ####         1%          1    None
b - Blink                 Tloc           N/A          1%          2    None
c - Conjure Flame         Conj/Fire      #####...     1%          3    None
d - Mephitic Cloud        Conj/Pois/Air  #####...     1%          3    None

Your spell library contained the following spells:

 Spells                   Type           Power        Failure   Level  Hunger
 Slow                     Hex            ###.....     1%          2    None
 Call Imp                 Summ           ####....     1%          2    None


Dungeon Overview and Level Annotations

Branches:
Dungeon (6/15)             Temple (1/1) D:4

Altars:
Ashenzari
Cheibriados
Dithmenos
Makhleb
Qazlal
Ru
Sif Muna
Trog
Vehumet
Wu Jian
Xom


Innate Abilities, Weirdness & Mutations

You have hoof-like feet.
You are immune to rotting.


Message History

Press: ? - help, Shift-Dir - straight line, f/p - mummy
Aim: a mummy (heavily damaged)
The magic dart hits the mummy.
The mummy is severely damaged.
Casting: Magic Dart (safe; 1% risk of failure)
Confirm with . or Enter, or press ? or * to list all spells.
Aiming: Magic Dart (safe; 1% risk of failure)
Press: ? - help, Shift-Dir - straight line, f/p - mummy
Aim: a mummy (severely damaged)
The magic dart hits the mummy.
The mummy is almost destroyed.
Casting: Magic Dart (safe; 1% risk of failure)
Confirm with . or Enter, or press ? or * to list all spells.
Aiming: Magic Dart (safe; 1% risk of failure)
Press: ? - help, Shift-Dir - straight line, f/p - mummy
Aim: a mummy (almost destroyed)
The magic dart hits the mummy.
The mummy is almost destroyed.
The mummy hits you!
You die...

#+# +..
###.##### #
#..Z#...#
#≈≈#≈MM@∩.#
#.≈≈#..∩#
#≈##≈#####
# +.+ #.#
≈.# #.' ≈≈#
≈≈#


You could see a mummy, a bog mummy and a bullfrog zombie.

Vanquished Creatures
  An ogre (D:5)
  A water moccasin zombie (D:5)
  A crimson imp (D:5)
  3 hounds
  A bullfrog zombie (D:5)
  A jelly (D:5)
  An orc priest (D:5)
  A centaur skeleton (D:4)
  A bullfrog skeleton (D:4)
  Terence (D:3)
  4 worker ants
  2 orc wizards
  A hound zombie (Ossuary)
  6 mummies (Ossuary)
  2 howler monkey zombies
  6 gnolls
  3 adders
  3 oozes (D:5)
  An adder skeleton (D:3)
  A dart slug (D:1)
  6 leopard geckos
  13 orcs
  5 bats
  7 giant cockroaches
  7 goblins
  6 hobgoblins
  8 jackals
  3 kobolds
  A ball python (D:2)
  3 frilled lizards (D:2)
  2 jackal skeletons (D:4)
  A jackal zombie (Ossuary)
  10 rats
113 creatures vanquished.

Vanquished Creatures (collateral kills)
  A worm (D:5)
1 creature vanquished.

Vanquished Creatures (others)
  A gnoll (D:5)
  2 withered plants (Ossuary)
3 creatures vanquished.

Grand Total: 117 creatures vanquished

Notes
Turn   | Place    | Note
-------+----------+-------------------------------------------
     0 | D:1      | Kirk the Demonspawn Wizard began the quest for the Orb.
     0 | D:1      | Reached XP level 1. HP: 13/13 MP: 4/4
   213 | D:1      | Gained mutation: You are immune to rotting. [demonic ancestry]
   213 | D:1      | Reached XP level 2. HP: 19/19 MP: 6/6
   974 | D:2      | Gained mutation: You have large cloven feet. [demonic ancestry]
   974 | D:2      | Reached XP level 3. HP: 18/24 MP: 0/8
  1127 | D:2      | Learned a level 2 spell: Blink
  1131 | D:2      | Learned a level 3 spell: Conjure Flame
  1135 | D:2      | Learned a level 3 spell: Mephitic Cloud
  1540 | D:2      | Noticed an ice beast
  1732 | D:2      | Reached skill level 2 in Conjurations
  2737 | D:3      | Gained mutation: You have hoof-like feet. [demonic ancestry]
  2737 | D:3      | Reached XP level 4. HP: 26/30 MP: 7/10
  2873 | D:3      | Noticed Terence
  2881 | D:3      | Killed Terence
  2881 | D:3      | Reached skill level 3 in Conjurations
  3523 | D:4      | Reached XP level 5. HP: 35/35 MP: 0/11
  3567 | D:4      | Reached skill level 4 in Conjurations
  4089 | D:4      | Reached XP level 6. HP: 38/41 MP: 7/13
  4265 | D:4      | Found a staircase to the Ecumenical Temple.
  4359 | D:4      | Reached skill level 5 in Conjurations
  4380 | Temple   | Entered the Ecumenical Temple
  4400 | Temple   | Became a worshipper of Vehumet
  5062 | D:5      | Entered Level 5 of the Dungeon
  5153 | D:5      | Found a shattered altar of Ashenzari.
  5197 | D:5      | Reached skill level 5 in Spellcasting
  5220 | D:5      | Found a stormy altar of Qazlal.
  5347 | D:5      | Reached XP level 7. HP: 46/46 MP: 9/14
  5445 | D:5      | Reached skill level 6 in Conjurations
  5470 | D:5      | Found a deep blue altar of Sif Muna.
  5819 | D:5      | Reached skill level 1 in Short Blades
  5823 | D:5      | Reached * piety under Vehumet
  5823 | D:5      | Offered knowledge of Flame Tongue by Vehumet.
  6056 | D:6      | Found a sand-covered staircase.
  6061 | Ossuary  | Entered an ossuary
  6228 | Ossuary  | Slain by a mummy

Skill      XL: |  1  2  3  4  5  6  7 |
---------------+----------------------+-----
Conjurations   | 2 3 4 5 6 |  6.9
Spellcasting   | 4 5 |  5.8
Short Blades   | 1 |  1.4
Dodging        | |  1.7
Stealth        | |  1.7
Summonings     | |  1.0
Translocations | |  0.8

Action                   |  1- 3 |  4- 6 |  7- 9 || total
-------------------------+-------+-------+-------++-------
Melee: Spear             |    93 |    23 |       ||   116
       Unarmed           |     1 |       |       ||     1
       Kick              |     6 |    10 |    21 ||    37
       Short sword       |       |    35 |    69 ||   104
 Cast: Magic Dart        |    88 |   124 |    71 ||   283
       Mephitic Cloud    |       |     8 |     3 ||    11
       Conjure Flame     |       |     3 |     6 ||     9
  Use: Scroll            |       |    10 |     2 ||    12
       Potion            |       |     1 |     4 ||     5
 Stab: Sleeping          |     2 |     1 |       ||     3
       Confused          |       |     2 |       ||     2
  Eat: Chunk             |     2 |     3 |     1 ||     6
       Ration            |     1 |     2 |       ||     3
Armor: Robe              |    30 |    14 |    18 ||    62
Dodge: Dodged            |    87 |    46 |    35 ||   168
